 Dungeon Crawl Stone Soup version 0.20.1-1-g8b1a95d (webtiles) character file.

27962 letownia2 the Reanimator (level 13, -5/108 HPs)
             Began as a Deep Dwarf Necromancer on Nov 29, 2017.
             Was an Initiate of Gozag.
             Slain by an entropy weaver (6 damage)
             ... on level 4 of the Lair of Beasts.
             The game lasted 00:54:43 (14407 turns).

letownia2 the Reanimator (Deep Dwarf Necromancer)  Turns: 14407, Time: 00:54:44

Health: -5/108     AC:  4    Str: 16    XL:     13   Next: 7%
Magic:  3/28       EV: 17    Int: 17    God:    Gozag
Gold:   1254       SH:  0    Dex: 13    Spells: 22/34 levels left

rFire    . . .     SeeInvis .   a - +7 spear (venom)
rCold    . . .     Gourm    +   (no shield)
rNeg     . . .     Faith    .   F - +0 steam dragon scales
rPois    .         Spirit   .   p - +2 helmet
rElec    .         Reflect  .   (no cloak)
rCorr    .         Harm     .   (no gloves)
MR       ++...                  R - +1 pair of boots
Stlth    ++........             e - amulet of the gourmand
Regen    0.0/turn               h - ring of protection from magic
MPRegen  0.3/turn               Y - +2 ring of evasion

@: about to teleport, corroded, gold aura, non-regenerating
A: damage resistance, heal wounds, sense surroundings 2, no regeneration
a: Heal Wounds, Potion Petition, Call Merchant, Bribe Branch, Renounce Religion


You were on level 4 of the Lair of Beasts.
You worshipped Gozag.
Gozag was most pleased with you.
You were not hungry.

You visited 3 branches of the dungeon, and saw 16 of its levels.

You collected 3429 gold pieces.
You paid 2175 gold pieces to Gozag.

Inventory:

Hand Weapons
 a - a +7 spear of venom (weapon)
 b - a +0 hand axe of electrocution
 K - a +0 blowgun
Missiles
 x - 47 poisoned needles
 N - 3 javelins (quivered)
 T - a throwing net
Armour
 o - +0 storm dragon scales
 p - a +2 helmet (worn)
 F - +0 steam dragon scales (worn)
 R - a +1 pair of boots (worn)
Jewellery
 e - an amulet of the gourmand (around neck)
 h - a ring of protection from magic (left hand)
 Y - a +2 ring of evasion (right hand)
Wands
 g - a wand of confusion (22/48)
 n - a wand of flame (17/48)
 q - a wand of paralysis (6/24)
 y - a wand of confusion (19/48)
 G - a wand of random effects (14/48)
 H - a wand of digging (13/24)
 I - a wand of disintegration (4/24)
 L - a wand of paralysis (10/24)
 S - a wand of acid (4/15)
Scrolls
 f - 2 scrolls of remove curse
 i - 4 scrolls of identify
 v - 3 scrolls of teleportation
 z - a scroll of immolation
 B - a scroll of fear
 J - a scroll of noise {unknown}
 M - 2 scrolls of fog
Potions
 j - a potion of might
 k - 2 potions of resistance
 l - 8 potions of curing
 m - 3 potions of mutation {unknown}
 s - 4 potions of heal wounds {unknown}
 t - 3 potions of cancellation {unknown}
 u - 3 potions of haste {unknown}
 A - a potion of degeneration {unknown}
 D - 3 potions of lignification
 E - a potion of flight
 O - a potion of agility
 Z - a potion of berserk rage
Books
 r - a book of Death

   Spells                             Type                      Level
   a - Corpse Rot                     Necromancy                   2
   b - Sublimation of Blood           Necromancy                   2
   c - Agony                          Necromancy                   5
   d - Dispel Undead                  Necromancy                   5
   e - Excruciating Wounds            Charms/Necromancy            5
   f - Bolt of Draining               Conjuration/Necromancy       5
Comestibles
 c - 5 bread rations
 d - 11 meat rations
 Q - 3 fruits


   Skills:
 - Level 4.7 Fighting
 - Level 6.4 Axes
 - Level 7.0 Armour
 - Level 6.2 Dodging
 - Level 2.4 Stealth
 - Level 11.0 Spellcasting
 - Level 3.1 Conjurations
 - Level 12.1 Necromancy
 - Level 3.0 Translocations
 + Level 3.1 Fire Magic
 - Level 3.1 Air Magic
 - Level 2.6 Poison Magic
 - Level 6.2 Evocations


You had 22 spell levels left.
You knew the following spells:

 Your Spells              Type           Power        Failure   Level  Hunger
a - Pain                  Necr           ####         1%          1    None
b - Blink                 Tloc           N/A          3%          2    None
c - Conjure Flame         Conj/Fire      ###.....     6%          3    None
e - Mephitic Cloud        Conj/Pois/Air  ###.....     7%          3    None
v - Vampiric Draining     Necr           ######....   1%          3    None


Dungeon Overview and Level Annotations

Branches:
Dungeon (11/15)            Temple (0/1) D:4            Lair (4/6) D:9
  Swamp (0/4) Lair:3          Orc (1/2) D:10
  Snake: Lair:2-4    Spider: Lair:2-4

Altars:
Dithmenos
Fedhas
Gozag
Hepliaklqana
Kikubaaqudgha
Nemelex Xobeh
Ru
Trog
Uskayaw
Xom
The Shining One

Shops:
D:9 [   D:10 (::(%   D:11 !   Lair:2 [[

Portals:
Ice
Cave: Lair:4

Annotations:
D:3 exclusion: downstairs, Blork the orc
D:5 1 exclusion
Lair:1 exclusion: 3 hydras


Innate Abilities, Weirdness & Mutations

You are resistant to damage.
You can heal yourself by infusing magical energy.
You passively map the area around you.
You do not regenerate.


Message History

Unknown command.
Cornered, the dream sheep turns to fight!
The entropy weaver is engulfed in blazing flames.
The soldier ant is distracted by the nearby gold.
Unknown command.
Unknown command.
The entropy weaver hits you!
* * * LOW HITPOINT WARNING * * *
The entropy weaver hits you!
* * * LOW HITPOINT WARNING * * *
The entropy weaver hits you.
* * * LOW HITPOINT WARNING * * *
The entropy weaver completely misses you.
Unknown command.
As you read the scroll of teleportation, it crumbles to dust.
You feel strangely unstable. The entropy weaver hits you.
* * * LOW HITPOINT WARNING * * *
The entropy weaver hits you!
You die...
Your body crumbles into a pile of gold.

..###.#######....##.........,
,
....P.###P.P#....#.#..##.###
, ,, ...............$......#
* , ,
.....................###
...........a...........# , ,,
.....................##.. ,
...........$.........##,.a
.....#..#.P.##........# . ,,
....#.....#$##.a@....## ,
.............#.#####..# * *
.........$...#.#.##.... *, ,,
.....%......##.#..../.., ,
,,$ ............##........# ,
..%.........##Y.#.....* ,
.............#$Y# #### * ,
.......[..P.##a###.####.,
..........#.##$..Y...... ,,,
,*


You could see an entropy weaver and a soldier ant (fleeing).

Vanquished Creatures
  Snorg (D:11)
  Josephine (D:11)
  3 hydras
  3 death yaks
  2 two-headed ogres
  A queen ant (Lair:4)
  2 ugly things (D:11)
  Psyche (D:8)
  6 spiny frogs
  Prince Ribbit (D:6)
  2 trolls (D:10)
  A hornet (D:11)
  4 hippogriffs
  5 dream sheep (Lair:4)
  10 blink frogs
  A water elemental (D:11)
  6 wraiths (D:11)
  14 yaks
  A human (D:9)
  2 basilisks
  A hungry ghost (D:9)
  5 hogs
  Menkaure (D:7)
  A warg (Orc:1)
  4 water moccasins
  11 soldier ants (Lair:4)
  7 porcupines
  6 orc warriors
  An eye of draining (D:8)
  2 ice beasts
  A phantom (D:9)
  6 ogres
  7 sky beasts
  2 black bears
  17 centaurs
  5 crocodiles (Lair:1)
  6 big kobolds
  11 bullfrogs
  5 gnoll sergeants (D:10)
  A wyvern skeleton (D:10)
  4 killer bees (D:7)
  2 howler monkeys
  An electric eel (D:11)
  4 crimson imps
  6 hounds
  5 bullfrog zombies
  A centaur skeleton (D:4)
  2 jellies
  3 orc wizards
  A quasit (D:8)
  2 bullfrog skeletons
  Jessica (D:3)
  Natasha (thrice) (D:2)
  3 iguanas
  9 worker ants
  2 hound skeletons
  A worker ant zombie (D:11)
  Robin (D:3)
  A howler monkey skeleton (D:6)
  5 gnolls
  13 adders
  A shadow imp (D:5)
  An adder zombie (D:8)
  A dart slug (D:1)
  A leopard gecko (D:10)
  36 orcs
  A bat zombie (D:3)
  2 giant cockroaches (D:3)
  17 goblins
  13 hobgoblins
  10 jackals
  34 kobolds
  10 bats
  8 frilled lizards
  A leopard gecko zombie (D:8)
  A quokka skeleton (D:4)
  23 rats
397 creatures vanquished.

Vanquished Creatures (collateral kills)
  An orc (D:10)
1 creature vanquished.

Vanquished Creatures (others)
  9 fungi (Lair:4)
  11 plants (Lair:4)
20 creatures vanquished.

Grand Total: 418 creatures vanquished

Notes
Turn   | Place    | Note
-------+----------+-------------------------------------------
     0 | D:1      | letownia2 the Deep Dwarf Necromancer began the quest for the Orb.
     0 | D:1      | Reached XP level 1. HP: 15/15 MP: 3/3
   332 | D:2      | Reached XP level 2. HP: 22/22 MP: 1/5
   412 | D:2      | Reached XP level 3. HP: 28/28 MP: 1/6
   528 | D:3      | Reached skill level 5 in Necromancy
   643 | D:3      | Learned a level 2 spell: Blink
   647 | D:3      | Learned a level 3 spell: Conjure Flame
   661 | D:3      | Noticed Jessica
   670 | D:3      | Killed Jessica
   670 | D:3      | Reached XP level 4. HP: 36/36 MP: 4/8
   694 | D:3      | Noticed Blork the orc
   783 | D:3      | Found a glowing golden altar of the Shining One.
   999 | D:4      | Reached skill level 1 in Translocations
  1166 | D:4      | Reached skill level 1 in Conjurations
  1194 | D:4      | Found an opulent altar of Gozag.
  1197 | D:4      | Became a worshipper of Gozag Ym Sagoz the Greedy
  1203 | D:4      | Noticed a sky beast
  1431 | D:2      | Noticed Natasha
  1529 | D:2      | Killed Natasha
  1529 | D:2      | Reached XP level 5. HP: 17/42 MP: 4/9
  1543 | D:3      | Learned a level 3 spell: Vampiric Draining
  1628 | D:2      | Noticed Natasha
  1672 | D:2      | Killed Natasha
  1773 | D:2      | Noticed Natasha
  2052 | D:3      | Found a hazy altar of Hepliaklqana.
  2538 | D:2      | Killed Natasha
  2538 | D:2      | Reached skill level 6 in Necromancy
  3738 | D:3      | Reached XP level 6. HP: 41/49 MP: 11/11
  3742 | D:3      | Found an ancient bone altar of Kikubaaqudgha.
  3749 | D:3      | Learned a level 3 spell: Mephitic Cloud
  3787 | D:3      | Noticed Robin
  3794 | D:3      | Killed Robin
  3794 | D:3      | Reached skill level 1 in Fire Magic
  4000 | D:4      | Killed a sky beast
  4034 | D:4      | Found a staircase to the Ecumenical Temple.
  4220 | D:4      | Reached skill level 1 in Air Magic
  4220 | D:4      | Reached skill level 1 in Poison Magic
  4518 | D:5      | Entered Level 5 of the Dungeon
  4539 | D:5      | Found a shadowy altar of Dithmenos.
  4574 | D:5      | Noticed a two-headed ogre
  4611 | D:5      | Reached XP level 7. HP: 46/55 MP: 6/12
  4990 | D:5      | Killed a two-headed ogre
  4990 | D:5      | Reached skill level 7 in Necromancy
  4990 | D:5      | Reached XP level 8. HP: 41/62 MP: 1/14
  5519 | D:6      | Reached skill level 5 in Spellcasting
  5563 | D:6      | Noticed Prince Ribbit
  5575 | D:6      | Killed Prince Ribbit
  5575 | D:6      | Reached skill level 8 in Necromancy
  5671 | D:6      | Found a sparkling altar of Nemelex Xobeh.
  5906 | D:7      | Noticed Menkaure
  5947 | D:7      | Found a shimmering altar of Xom.
  5950 | D:7      | Found a blossoming altar of Fedhas.
  5956 | D:7      | Gained mutation: You passively map the area around you. [Deep Dwarf growth]
  5956 | D:7      | Reached XP level 9. HP: 53/68 MP: 9/17
  5965 | D:7      | Killed Menkaure
  6051 | D:7      | Found a sacrificial altar of Ru.
  6288 | D:7      | Reached skill level 9 in Necromancy
  6489 | D:8      | Noticed Psyche
  6507 | D:8      | Killed Psyche
  6625 | D:8      | Found a bloodstained altar of Trog.
  6941 | D:8      | Found a hide-covered altar of Uskayaw.
  7659 | D:9      | Noticed a death yak
  7660 | D:9      | Noticed a death yak
  7715 | D:9      | Killed a death yak
  7715 | D:9      | Reached XP level 10. HP: 26/75 MP: 8/22
  8026 | D:9      | Noticed a death yak
  8067 | D:9      | Killed a death yak
  8454 | D:9      | Reached skill level 10 in Spellcasting
  8465 | D:9      | Found a staircase to the Lair.
  8782 | D:10     | Entered Level 10 of the Dungeon
  8782 | D:10     | Noticed a two-headed ogre
  8794 | D:10     | Killed a two-headed ogre
  8794 | D:10     | Reached skill level 1 in Fighting
  8794 | D:10     | Reached skill level 5 in Evocations
  8969 | D:10     | Reached skill level 10 in Necromancy
  8972 | D:10     | Found Zemegami's Food Emporium.
  9051 | D:10     | Reached XP level 11. HP: 74/86 MP: 19/25
  9056 | D:10     | Found Jodup's Antique Weapon Boutique.
  9093 | D:10     | Found Pufath's Book Boutique.
  9144 | D:10     | Found a staircase to the Orcish Mines.
  9277 | D:10     | Found Lacryaro's Antique Weapon Emporium.
  9625 | D:10     | Found Cipt's Book Shop.
  9686 | D:10     | Killed a death yak
  9686 | D:10     | Reached skill level 1 in Axes
 10236 | D:11     | Found Vuicwoar's Distillery.
 10297 | D:11     | Reached skill level 11 in Necromancy
 10304 | D:11     | Noticed a green ugly thing
 10314 | D:11     | Killed a green ugly thing
 10479 | D:11     | Noticed a brown ugly thing
 10489 | D:11     | Killed a brown ugly thing
 10506 | D:11     | Noticed Josephine
 10533 | D:11     | Killed Josephine
 10841 | D:11     | Noticed Snorg
 10870 | D:11     | Killed Snorg
 11055 | D:11     | Reached XP level 12. HP: 82/100 MP: 16/26
 11491 | Orc:1    | Entered Level 1 of the Orcish Mines
 11691 | Lair:1   | Entered Level 1 of the Lair of Beasts
 11699 | Lair:1   | Noticed an eight-headed hydra
 11727 | Lair:1   | Reached skill level 5 in Axes
 11823 | Lair:1   | Noticed a seven-headed hydra
 11923 | Lair:1   | Reached skill level 12 in Necromancy
 12017 | Lair:1   | Reached skill level 1 in Armour
 12229 | Lair:1   | Noticed a seven-headed hydra
 12678 | Lair:1   | Noticed a five-headed hydra
 12706 | Lair:1   | Killed a five-headed hydra
 12891 | Lair:1   | Reached skill level 5 in Dodging
 13663 | Lair:3   | Noticed a four-headed hydra
 13669 | Lair:3   | Killed a four-headed hydra
 13787 | Lair:3   | Found a staircase to the Swamp.
 13906 | Lair:3   | Reached skill level 5 in Armour
 14004 | Lair:4   | Noticed a seven-headed hydra
 14016 | Lair:4   | Killed a seven-headed hydra
 14300 | Lair:4   | Noticed a queen ant
 14331 | Lair:4   | Killed a queen ant
 14331 | Lair:4   | Reached XP level 13. HP: 99/108 MP: 11/28
 14359 | Lair:4   | Found a frozen archway.
 14387 | Lair:4   | Noticed an entropy weaver
 14406 | Lair:4   | HP: 5/108 [entropy weaver (4)]
 14407 | Lair:4   | HP: 1/108 [entropy weaver (4)]
 14407 | Lair:4   | Slain by an entropy weaver

Skill      XL: |  1  2  3  4  5  6  7  8  9 10 11 12 13 |
---------------+----------------------------------------+-----
Spellcasting   | 2 3 4 5 8 10 11 | 11.0
Necromancy     | 5 6 7 8 9 10 11 12 | 12.1
Translocations | 1 2 3 |  3.0
Conjurations   | 1 2 3 |  3.1
Fire Magic     | 1 2 3 |  3.1
Air Magic      | 1 2 3 |  3.1
Poison Magic   | 1 2 |  2.6
Evocations     | 2 4 5 6 |  6.2
Fighting       | 1 4 |  4.7
Axes           | 4 6 |  6.4
Armour         | 7 |  7.0
Dodging        | 6 |  6.2
Stealth        | |  2.4

Action                   |  1- 3 |  4- 6 |  7- 9 | 10-12 | 13-15 || total
-------------------------+-------+-------+-------+-------+-------++-------
Melee: Dagger            |    12 |    81 |    64 |       |       ||   157
       Short sword       |       |       |   166 |   209 |       ||   375
       Spear             |       |       |       |   356 |    20 ||   376
Throw: Javelin           |       |       |     2 |     6 |       ||     8
 Cast: Pain              |    27 |   170 |    72 |     6 |       ||   275
       Blink             |       |     2 |       |     4 |       ||     6
       Vampiric Draining |       |    12 |    43 |   213 |     2 ||   270
       Mephitic Cloud    |       |     1 |     3 |    23 |     4 ||    31
       Conjure Flame     |       |       |    12 |    80 |     2 ||    94
Invok: Call Merchant     |       |       |       |     3 |       ||     3
       Potion Petition   |       |       |       |     1 |       ||     1
Evoke: Wand              |       |       |     7 |    34 |       ||    41
  Use: Scroll            |       |     1 |     6 |    14 |     2 ||    23
       Potion            |       |       |       |       |     1 ||     1
 Stab: Sleeping          |       |       |     2 |     1 |       ||     3
       Confused          |       |       |     1 |    12 |     1 ||    14
       Paralysed         |       |       |     3 |    13 |       ||    16
       Distracted        |       |       |     1 |     1 |       ||     2
  Eat: Chunk             |     8 |     2 |       |       |       ||    10
       Royal jelly       |       |     4 |     4 |     4 |       ||    12
       Fruit             |       |       |       |    15 |       ||    15
       Bread ration      |       |       |       |     1 |       ||     1
Armor: Robe              |     1 |       |       |       |       ||     1
       Ring mail         |     4 |    58 |       |       |       ||    62
       Steam dragon scal |       |     6 |   124 |   183 |     2 ||   315
Dodge: Dodged            |    14 |    77 |   183 |   431 |    19 ||   724
